 Dungeon Crawl Stone Soup version 0.25.1-11-g244df3a29b (webtiles) character file.

Game seed: 7269330619557258024

156 DeepDeath the Vexing (level 5, -1/38 HPs)
             Began as a Hill Orc Enchanter on Jan 7, 2024.
             Slain by a slave (9 damage)
             ... led by Pikel
             ... on level 3 of the Dungeon.
             The game lasted 00:16:31 (4837 turns).

DeepDeath the Vexing (Hill Orc Enchanter)           Turns: 4837, Time: 00:16:32

Health: -1/38      AC:  3    Str: 12    XL:     5   Next: 38%
Magic:  6/8        EV: 12    Int: 13    God:
Gold:   201        SH:  0    Dex: 11    Spells: 7/8 levels left

rFire    . . .     SeeInvis .   a - +1 dagger
rCold    . . .     Gourm    .   (no shield)
rNeg     . . .     Faith    .   b - +1 robe
rPois    .         Spirit   .   (helmet restricted)
rElec    .         Reflect  .   (no cloak)
rCorr    .         Harm     .   (no gloves)
MR       .....     Rnd*Tele +   (no boots)
Stlth    ++........             (no amulet)
HPRegen  0.12/turn              (no ring)
MPRegen  0.11/turn              (no ring)

@: no status effects
A: horns 1, dopey 1, teleportitis 1
a: no special abilities


You were on level 3 of the Dungeon.
You were hungry.

You visited 1 branch of the dungeon, and saw 4 of its levels.

You collected 201 gold pieces.

Inventory:

Hand Weapons
 a - a +1 dagger (weapon)
 j - a +2 whip of electrocution
 m - a +0 hand axe
 o - a +0 short sword
 s - a +0 mace
Missiles
 c - 109 stones (quivered)
 e - 95 arrows
 r - 7 poisoned darts
Armour
 b - a +1 robe (worn)
 t - a +0 scale mail
Jewellery
 g - an uncursed amulet of regeneration {unknown}
 l - an uncursed amulet of guardian spirit
 n - a cursed ring of magical power {unknown}
Potions
 h - a potion of stabbing
 i - a potion of curing
 k - 2 potions of lignification {unknown}
 q - a potion of magic {unknown}
Comestibles
 d - 11 rations


   Skills:
 * Level 3.8 Short Blades
 + Level 0.4 Axes
 + Level 0.8 Throwing
 - Level 1.5 Dodging
 - Level 2.4 Stealth
 - Level 2.0 Spellcasting
 + Level 3.9 Hexes


You had 7 spell levels left.
You knew the following spells:

 Your Spells              Type           Power        Failure   Level  Hunger
c - Corona                Hex            ##.....      4%          1    ##.....

Your spell library contained the following spells:

 Spells                   Type           Power        Failure   Level  Hunger
 Confusing Touch          Hex            ##......     16%         3    ####...
 Tukima's Dance           Hex            ##......     16%         3    ####...
 Ensorcelled Hibernation  Hex/Ice        #.....       17%         2    ###....
 Dazzling Flash           Conj/Hex       #.....       34%         3    ####...


Dungeon Overview and Level Annotations

Branches:
Dungeon (4/15)
 Temple: D:4-7

Altars:
Dithmenos
Makhleb
Qazlal
Trog
Yredelemnul
The Shining One

Annotations:
D:1 exclusion: gnoll
D:4 Eustachio, Pikel


Innate Abilities, Weirdness & Mutations

You have a pair of small horns on your head.
You are dopey. (Int -2)
You are occasionally teleported next to monsters.


Message History

The slave hits you but does no damage.
Unknown command.
You hit the slave.
The slave is severely wounded.
The frilled lizard bites you but does no damage.
The slave hits you.
* * * LOW HITPOINT WARNING * * *
Unknown command.
You hit the slave but do no damage. Your headbutt misses the slave.
The slave is severely wounded.
The slave stops glowing.
The frilled lizard closely misses you.
Unknown command.
You hit the slave.
The slave is almost dead.
The slave barely misses you.
Unknown command.
You closely miss the slave.
The slave is almost dead.
The frilled lizard barely misses you. The slave hits you!
You die...

#.......#####.####.....##
#.#
#......................#
#.#
#..............####..###
#.# .......######..# #..#
#.# ###....######..# #..#
#.# ##.............#
#..######.#####
..†..#.#######.#
#.............. ##.###.#
#.#####.############ ##.#
#.# #.p@l...# ...# #.#
######### ######.#
.......# ########


You could see a slave and a frilled lizard.

Vanquished Creatures
  A worker ant (D:2)
  A gnoll (D:2)
  6 adders
  2 oozes (D:3)
  A dart slug (D:1)
  3 leopard geckos
  3 orcs (D:3)
  A ball python (D:3)
  8 bats
  2 giant cockroaches (D:1)
  6 goblins
  6 hobgoblins
  2 jackals (D:1)
  A quokka (D:3)
  2 frilled lizards
  7 kobolds
  5 rats
  A spectral orc (D:2)
58 creatures vanquished.

Vanquished Creatures (others)
  2 plants (D:2)
2 creatures vanquished.

Grand Total: 60 creatures vanquished

Notes
Turn   | Place    | Note
-------+----------+-------------------------------------------
     0 | D:1      | DeepDeath the Hill Orc Enchanter began the quest for the
                  | Orb.
     0 | D:1      | Reached XP level 1. HP: 14/14 MP: 3/3
   649 | D:1      | Reached XP level 2. HP: 20/20 MP: 2/4
  1570 | D:2      | Reached XP level 3. HP: 23/26 MP: 2/5
  2154 | D:2      | Found a basalt altar of Yredelemnul.
  2258 | D:2      | Found a burning altar of Makhleb.
  2258 | D:2      | Noticed an Executioner
  2262 | D:2      | Noticed a hellwing
  2262 | D:2      | Noticed a smoke demon
  2588 | D:2      | Reached XP level 4. HP: 33/33 MP: 5/7
  2999 | D:3      | Found a bloodstained altar of Trog.
  3004 | D:3      | Found a stormy altar of Qazlal.
  3005 | D:3      | Found a shadowy altar of Dithmenos.
  3187 | D:3      | Reached XP level 5. HP: 25/38 MP: 6/8
  3455 | D:3      | Found a glowing golden altar of the Shining One.
  3550 | D:3      | Gained mutation: You are occasionally teleported next to
                  | monsters. [potion of mutation]
  3550 | D:3      | Gained mutation: You expend magic power (3 MP) to
                  | strengthen your wands. [potion of mutation]
  3610 | D:3      | Lost mutation: You expend magic power (3 MP) to strengthen
                  | your wands. [potion of mutation]
  3610 | D:3      | Gained mutation: You are dopey. (Int -2) [potion of
                  | mutation]
  3610 | D:3      | Gained mutation: You have a pair of small horns on your
                  | head. [potion of mutation]
  4612 | D:4      | Noticed Eustachio
  4791 | D:4      | Noticed Pikel
  4791 | D:4      | Noticed a slave
  4793 | D:4      | Noticed a slave
  4794 | D:4      | Noticed a slave
  4795 | D:4      | Noticed a slave
  4837 | D:3      | Slain by a slave

Illustrated notes

Levels and vault maps discovered:
D:1:      psy_arrival_terrarium, layout_basic, minmay_box_of_dots
D:2:      layout_loops_ring, yredelemnul_forgotten_temple_becter,
          makhleb_altar_promises_db, first_ration, serial_bayou_lake_a
D:3:      layout_loops_ring, gammafunk_temple_overflow_forgotten, tso_altar
D:4:      minmay_angry_zag, layout_gridville,
          minmay_temple_entry_drinking_statues, uniq_pikel, uniq_eustachio

Skill      XL: |  1  2  3 |
---------------+----------+-----
Short Blades   | 2 3 |  3.8
Spellcasting   | 2 |  2.0
Axes           | |  0.4
Throwing       | |  0.8
Dodging        | |  1.5
Stealth        | |  2.4
Hexes          | |  3.9

Action                   |  1- 3 |  4- 6 || total
-------------------------+-------+-------++-------
Melee: Dagger            |   152 |   153 ||   305
       Headbutt          |       |     6 ||     6
Throw: Stone             |    11 |    19 ||    30
       Dart              |     7 |     6 ||    13
 Cast: Corona            |    37 |    30 ||    67
  Use: Scroll            |     1 |     1 ||     2
       Potion            |     1 |     9 ||    10
 Stab: Sleeping          |     1 |     3 ||     4
  Eat: Chunk             |     6 |     4 ||    10
       Ration            |       |     1 ||     1
Armor: Robe              |    41 |    51 ||    92
Dodge: Dodged            |    91 |   124 ||   215
